 Dungeon Crawl Stone Soup version 0.22.1-1-ga44c0e56f4 (webtiles) character file.

201 Henning the Skirmisher (level 5, -2/47 HPs)
             Began as a Gnoll Abyssal Knight on Oct 2, 2018.
             Was a Believer of Lugonu.
             Shot with an arrow by a centaur (8 damage)
             ... on level 4 of the Dungeon.
             The game lasted 00:09:34 (3510 turns).

Henning the Skirmisher (Gnoll Abyssal Knight)       Turns: 3510, Time: 00:09:35

Health: -2/47      AC:  8    Str: 16    XL:     5   Next: 79%
Magic:  8/8        EV: 11    Int: 14    God:    Lugonu [**....]
Gold:   195        SH:  4    Dex: 14    Spells: 7/7 levels left

rFire    + . .     SeeInvis .   o - -3 whip (curse)
rCold    . . .     Gourm    .   (no shield)
rNeg     . . .     Faith    .   h - +1 scale mail {rF+}
rPois    .         Spirit   .   (no helmet)
rElec    .         Reflect  +   (no cloak)
rCorr    +         Harm     .   (no gloves)
MR       .....                  (no boots)
Stlth    ..........             f - +4 amulet of reflection
HPRegen  0.15/turn              g - ring of resist corrosion
MPRegen  0.11/turn              (no ring)

@: no status effects
A: distributed training, fangs 1, strong nose
a: Depart the Abyss, Bend Space, Renounce Religion


You were on level 4 of the Dungeon.
You worshipped Lugonu.
Lugonu was pleased with you.
You were not hungry.

You visited 1 branch of the dungeon, and saw 4 of its levels.
You visited the Abyss 1 time.

You collected 195 gold pieces.

Inventory:

Hand Weapons
 a - a +1 mace
 o - a cursed -3 whip (weapon)
Armour
 h - a +1 scale mail of fire resistance (worn)
Jewellery
 f - a +4 amulet of reflection (around neck)
 g - a ring of resist corrosion (left hand)
Wands
 p - a wand of iceblast (5)
Scrolls
 k - a scroll of immolation
 r - a scroll of fear
Potions
 d - 2 potions of haste
 e - 2 potions of might
 j - a potion of brilliance {unknown}
 l - a potion of magic {unknown}
Comestibles
 b - 5 chunks of flesh
 c - 8 rations


   Skills:
 + Level 6.7 Fighting
 + Level 1.6 Short Blades
 + Level 1.6 Long Blades
 + Level 1.6 Axes
 + Level 4.8 Maces & Flails
 + Level 1.6 Polearms
 + Level 1.6 Staves
 + Level 1.6 Slings
 + Level 1.6 Bows
 + Level 1.6 Crossbows
 + Level 1.6 Throwing
 + Level 4.8 Armour
 + Level 3.0 Dodging
 + Level 1.6 Stealth
 + Level 1.6 Shields
 + Level 1.6 Unarmed Combat
 + Level 1.6 Spellcasting
 + Level 1.2 Conjurations
 + Level 1.2 Hexes
 + Level 1.2 Charms
 + Level 1.2 Summonings
 + Level 1.2 Necromancy
 + Level 1.2 Translocations
 + Level 1.2 Transmutations
 + Level 1.2 Fire Magic
 + Level 1.2 Ice Magic
 + Level 1.2 Air Magic
 + Level 1.2 Earth Magic
 + Level 1.2 Poison Magic
 + Level 4.9 Invocations
 + Level 1.6 Evocations


You had 7 spell levels left.
You didn't know any spells.
Your spell library was empty.

Dungeon Overview and Level Annotations

Branches:
Dungeon (4/15)
 Temple: D:4-7

Altars:
Yredelemnul


Innate Abilities, Weirdness & Mutations

Your experience applies equally to all skills.
You have very sharp teeth.
Your uncanny sense of smell can sniff out nearby items.


Message History

The centaur shoots an arrow.
The arrow hits you!
* * * LOW HITPOINT WARNING * * *
The centaur shoots an arrow.
You reflect the arrow off an invisible shield around you!
The arrow hits the centaur.
There isn't anything here!
You close the door, pushing everything out of the way.
You see here an arrow.
There is an open door, spattered with blood here.
Items here: ))) [ a club; a ring mail; a hand axe; a dagger There isn't anything here!
You close the door, pushing everything out of the way.
You see here a club.
A centaur opens the door.
The centaur shoots an arrow.
The arrow hits you.
* * * LOW HITPOINT WARNING * * *
You see here an arrow.
The centaur shoots an arrow.
The arrow hits you!
You die...

#.....#.#.......#.###...#
#.....#.#.......#..##...#
#.......##.....##.......#
#.......####.####.......#
#.....#..............>..#
#.>...#+####+#....###..##
................#...###..########
)...............#................
............c...@................
..............(.#................
.........)).....#...####.##....##
.###+####'#######...####.##....#.
.#.(..+().∆# #...............#.
.'(...#....# #...............#.
c#....#....# #...............#.
#######..######################.
#### #.....<..............


You could see a centaur.

Vanquished Creatures
  A hound (D:4)
  2 worker ants (D:4)
  A hound skeleton (D:3)
  2 adders
  2 worms (D:3)
  2 dart slugs (D:1)
  2 leopard geckos (D:2)
  11 orcs
  3 giant cockroaches
  8 hobgoblins
  4 jackals (D:2)
  11 bats
  6 frilled lizards
  4 goblins
  10 kobolds
  5 rats
74 creatures vanquished.

Notes
Turn   | Place    | Note
-------+----------+-------------------------------------------
     0 | Abyss:1  | Henning the Gnoll Abyssal Knight began the quest for the
                  | Orb.
     0 | Abyss:1  | Reached XP level 1. HP: 23/23 MP: 3/3
    87 | Abyss:1  | Noticed a rakshasa
    97 | Abyss:1  | Noticed a hornet
   101 | Abyss:1  | Noticed a raiju
   101 | Abyss:1  | a hornet changed into a raiju
   104 | D:1      | Escaped the Abyss
   501 | D:1      | Reached XP level 2. HP: 28/29 MP: 5/5
   572 | D:1      | Reached * piety under Lugonu
  1073 | D:2      | Reached XP level 3. HP: 34/35 MP: 6/6
  1559 | D:2      | Reached skill level 1 in Short Blades
  1559 | D:2      | Reached skill level 1 in Long Blades
  1559 | D:2      | Reached skill level 1 in Axes
  1559 | D:2      | Reached skill level 1 in Polearms
  1559 | D:2      | Reached skill level 1 in Staves
  1559 | D:2      | Reached skill level 1 in Slings
  1559 | D:2      | Reached skill level 1 in Bows
  1559 | D:2      | Reached skill level 1 in Crossbows
  1559 | D:2      | Reached skill level 1 in Throwing
  1559 | D:2      | Reached skill level 1 in Stealth
  1559 | D:2      | Reached skill level 1 in Shields
  1559 | D:2      | Reached skill level 1 in Unarmed Combat
  1559 | D:2      | Reached skill level 1 in Spellcasting
  1559 | D:2      | Reached skill level 1 in Evocations
  1629 | D:2      | Reached XP level 4. HP: 38/41 MP: 7/7
  1897 | D:3      | Reached ** piety under Lugonu
  2462 | D:3      | Reached skill level 1 in Conjurations
  2462 | D:3      | Reached skill level 1 in Hexes
  2462 | D:3      | Reached skill level 1 in Charms
  2462 | D:3      | Reached skill level 1 in Summonings
  2462 | D:3      | Reached skill level 1 in Necromancy
  2462 | D:3      | Reached skill level 1 in Translocations
  2462 | D:3      | Reached skill level 1 in Transmutations
  2462 | D:3      | Reached skill level 1 in Fire Magic
  2462 | D:3      | Reached skill level 1 in Ice Magic
  2462 | D:3      | Reached skill level 1 in Air Magic
  2462 | D:3      | Reached skill level 1 in Earth Magic
  2462 | D:3      | Reached skill level 1 in Poison Magic
  2599 | D:4      | Reached XP level 5. HP: 32/47 MP: 8/8
  2882 | D:4      | Found a basalt altar of Yredelemnul.
  3494 | D:4      | Noticed a centaur
  3510 | D:4      | Shot with an arrow by a centaur

Skill      XL: |  1  2  3  4  5 |
---------------+----------------+-----
Short Blades   | 1 |  1.6
Long Blades    | 1 |  1.6
Axes           | 1 |  1.6
Polearms       | 1 |  1.6
Staves         | 1 |  1.6
Slings         | 1 |  1.6
Bows           | 1 |  1.6
Crossbows      | 1 |  1.6
Throwing       | 1 |  1.6
Stealth        | 1 |  1.6
Shields        | 1 |  1.6
Unarmed Combat | 1 |  1.6
Spellcasting   | 1 |  1.6
Evocations     | 1 |  1.6
Conjurations   | 1 |  1.2
Hexes          | 1 |  1.2
Charms         | 1 |  1.2
Summonings     | 1 |  1.2
Necromancy     | 1 |  1.2
Translocations | 1 |  1.2
Transmutations | 1 |  1.2
Fire Magic     | 1 |  1.2
Ice Magic      | 1 |  1.2
Air Magic      | 1 |  1.2
Earth Magic    | 1 |  1.2
Poison Magic   | 1 |  1.2
Dodging        | 3 |  3.0
Fighting       | |  6.7
Maces & Flails | |  4.8
Armour         | |  4.8
Invocations    | |  4.9

Action                   |  1- 3 |  4- 6 || total
-------------------------+-------+-------++-------
Melee: Mace              |   101 |     2 ||   103
       Bite              |     5 |    41 ||    46
       Whip              |       |   294 ||   294
       Punch             |       |     3 ||     3
Invok: Depart the Abyss  |     1 |       ||     1
  Use: Scroll            |       |     8 ||     8
       Potion            |       |     2 ||     2
  Eat: Chunk             |     2 |     7 ||     9
Armor: Ring mail         |     5 |       ||     5
       Scale mail        |    41 |   102 ||   143
Dodge: Dodged            |    78 |   128 ||   206
Block: Other             |       |    42 ||    42
       Reflection        |       |     4 ||     4
